 Dungeon Crawl Stone Soup version 0.30-a0-711-gf4ac18a38d (webtiles) character file.

Game seed: 10853668199136044331

615 wormed the Firebug (level 7, -5/51 HPs)
             Began as a Demonspawn Fire Elementalist on Jan 22, 2023.
             Killed by divine providence
             ... invoked by an orc priest
              (12 damage)
             ... on level 5 of the Dungeon.
             The game lasted 00:07:36 (4384 turns).

wormed the Firebug (Demonspawn Fire Elementalist)   Turns: 4384, Time: 00:07:36

Health: -5/51      AC:  4    Str:  8    XL:     7   Next: 21%
Magic:  21/21      EV: 17    Int: 18    God:
Gold:   208        SH:  0    Dex: 14    Spells: 3/12 levels left

rFire   + . .      SeeInvis .    o - +4 quarterstaff (chaos)
rCold   . . .      Faith    .    (shield currently unavailable)
rNeg    . . .      Spirit   .    l - +0 leather armour of Resonance {rF+ Regen+}
rPois   .          Reflect  .    (helmet restricted)
rElec   .          Harm     .    n - +0 cloak
rCorr   .          Rampage  .    (no gloves)
Will    .....                    (no boots)
Stlth   ++                       e - amulet of the acrobat
HPRegen 1.08/turn                k - +5 ring of evasion
MPRegen 0.17/turn                r - ring of magical power

@: very slightly contaminated
A: antennae 2, icemail 1, powered by pain 1, condensation shield
a: no special abilities


You were on level 5 of the Dungeon.
You visited 1 branch of the dungeon, and saw 5 of its levels.

You collected 208 gold pieces.

Inventory:

Hand Weapons
 c - a +0 dagger
 o - a +4 quarterstaff of chaos (weapon)
Armour
 l - the +0 leather armour of Resonance (worn) {rF+ Regen+}
   (You found it on level 2 of the Dungeon)

   rF:        It protects you from fire.
   Regen:     It increases your rate of health regeneration.
 n - a +0 cloak (worn)
Jewellery
 b - a +6 ring of dexterity
 e - an amulet of the acrobat (around neck)
 j - a ring of ice
 k - a +5 ring of evasion (left hand)
 r - a ring of magical power (right hand)
Scrolls
 g - a scroll of identify
 p - a scroll of teleportation
 q - a scroll of summoning
Potions
 d - a potion of degeneration
 f - 4 potions of curing
 h - 2 potions of lignification
 i - 3 potions of heal wounds
 m - 3 potions of brilliance


   Skills:
 + Level 2.9 Fighting
 + Level 3.3 Dodging
 + Level 3.5 Stealth
 + Level 3.4 Spellcasting
 + Level 3.3 Conjurations
 + Level 3.8 Fire Magic


You had 3 spell levels left.
You knew the following spells:

 Your Spells              Type           Power      Damage    Failure   Level
a - Foxfire               Conj/Fire      60%        2x1d7     5%          1
b - Scorch                Fire           32%        2d7       7%          2
c - Inner Flame           Hex/Fire       9%         N/A       30%         3
d - Stone Arrow           Conj/Erth      18%        3d8       34%         3

Your spell library contained the following spells:

 Spells                   Type           Power      Damage    Failure   Level
 Sandblast                Erth           6%         2d5       22%         1
 Slow                     Hex            12%        N/A       22%         1
 Passwall                 Tmut/Erth      2%         N/A       34%         2
 Kindle Blastsparks       Fire/Tloc/Air  14%        2d11      38%         3
 Confusing Touch          Hex            3%         N/A       56%         3
 Ozocubu's Armour         Ice            3%         N/A       56%         3
 Vampiric Draining        Necr           3%         2d6       56%         3
 Flame Wave               Conj/Fire      15%        2d7       47%         4
 Metabolic Englaciation   Hex/Ice        1%         N/A       99%         5
 Simulacrum               Ice/Necr       1%         N/A       100%        6


Dungeon Overview and Level Annotations

Branches:
Dungeon (5/15)
 Temple: D:4-7

Altars:
Wu Jian

Annotations:
D:3 3 runed translucent doors, gelatine's ghost, amateur DsFE; jfcaron's ghost, amateur MeFi; lessens's ghost, amateur DjBe


Innate Abilities, Weirdness & Mutations

You have a pair of antennae on your head.
A meltable icy envelope protects you from harm. (AC +0)
You sometimes gain a little power by taking damage.
A meltable shield of frost defends you. (SH +0)


Message History

You are very lightly contaminated with residual magic.
Fire whirls out from your hands.
Your icy defences dissipate!
You resist.
Casting: Inner Flame (dangerous; 30% risk of failure)
Confirm with . or Enter, or press ? or * to list all spells.
Flames lash the orc.
You kill the orc!
You hear a shout! x3
HP restored.
You sense a monster nearby.
An orc comes into view. It is wielding a +0 club.
An orc priest comes into view. It is wielding a +0 whip.
Casting: Scorch (safe; 7% risk of failure)
Confirm with . or Enter, or press ? or * to list all spells.
Aiming: Inner Flame (dangerous; 30% risk of failure)
Press: ? - help, Dir - move target, f - orc
Aim: an orc, wielding a +0 club (chance to affect: 74%)
The orc struggles to resist.
An orc comes into view. It is wielding a +0 hand axe.
The orc priest calls down the wrath of Beogh upon you.
Beogh smites you!
You focus on the pain.
You feel your power returning.
An orc priest comes into view. It is wielding a +0 short sword.
The orc priest shouts!
Casting: Inner Flame (dangerous; 30% risk of failure)
Confirm with . or Enter, or press ? or * to list all spells.
Aiming: Inner Flame (dangerous; 30% risk of failure)
Press: ? - help, Dir - move target, f/p - orc
Aim: an orc, wielding a +0 club (chance to affect: 74%)
The orc is filled with an inner flame.
Casting: Inner Flame (dangerous; 30% risk of failure)
Confirm with . or Enter, or press ? or * to list all spells.
Flames lash the orc.
The orc explodes!
The fiery explosion engulfs you!! You resist.
You focus on the pain.
You feel your power returning.
You are engulfed in blazing flames.
You resist.
* * * LOW HITPOINT WARNING * * *
The orc priest calls down the wrath of Beogh upon you.
Beogh smites you!
You die...

########+#
#.........
#.........
#.........
#.|..).... # #
#...)).... .
..+.........
#.#.#@ยง.......
#{#.#)####+#+#
#...#?####[#.
#.#...oo.......
.......o>......
#.#.#........#.
# ###.....##
#...#.# #...#.#


You could see 2 orc priests and an orc.

Vanquished Creatures
  Grinder (D:3)
  A scorpion (D:4)
  3 orc priests (D:4)
  Crazy Yiuf (D:2)
  An iguana (D:4)
  8 gnolls (D:4)
  5 adders
  A dart slug (D:1)
  15 orcs
  6 endoplasms
  5 giant cockroaches
  9 goblins
  10 hobgoblins
  6 kobolds
  3 quokkas
  7 ball pythons
  8 bats
  3 frilled lizards
  8 rats
101 creatures vanquished.

Vanquished Creatures (others)
  82 foxfires
  4 withered plants (D:3)
86 creatures vanquished.

Grand Total: 187 creatures vanquished

Notes
Turn   | Place    | Note
-------+----------+-------------------------------------------
     0 | D:1      | wormed the Demonspawn Fire Elementalist began the quest for
                  | the Orb.
     0 | D:1      | Reached XP level 1. HP: 13/13 MP: 3/3
   206 | D:1      | Gained mutation: You have a pair of small antennae on your
                  | head. [demonic ancestry]
   206 | D:1      | Reached XP level 2. HP: 20/20 MP: 1/5
   725 | D:1      | Gained mutation: A meltable shield of frost defends you.
                  | (SH +0) [demonic ancestry]
   725 | D:1      | Reached XP level 3. HP: 23/25 MP: 6/6
  1077 | D:1      | Reached skill level 1 in Fighting
  1123 | D:1      | Learned a level 2 spell: Scorch
  1127 | D:1      | Learned a level 3 spell: Inner Flame
  1171 | D:2      | Found an ornate altar of the Wu Jian Council.
  1575 | D:2      | Gained mutation: You have a pair of antennae on your head.
                  | [demonic ancestry]
  1575 | D:2      | Reached XP level 4. HP: 18/32 MP: 1/7
  1580 | D:2      | Identified the +0 leather armour of Resonance {rF+ Regen+}
  1761 | D:2      | Found a runed translucent door.
  1762 | D:2      | Noticed Crazy Yiuf
  2191 | D:2      | Killed Crazy Yiuf
  2359 | D:3      | Identified the +1 sling of Virtue {elec, Fly rCorr Str+5}
  2387 | D:3      | Noticed Grinder
  2426 | D:3      | Paralysed by Grinder for 2 turns
  2440 | D:3      | Paralysed by Grinder for 3 turns
  2445 | D:3      | Paralysed by Grinder for 3 turns
  2450 | D:3      | Paralysed by Grinder for 4 turns
  2459 | D:3      | Killed Grinder
  2460 | D:3      | Gained mutation: You sometimes gain a little power by
                  | taking damage. [demonic ancestry]
  2460 | D:3      | Reached XP level 5. HP: 25/39 MP: 1/9
  2460 | D:3      | Reached XP level 6. HP: 29/45 MP: 1/10
  2878 | D:3      | Found a runed translucent gate.
  2879 | D:3      | Found a runed translucent gate.
  2879 | D:3      | Found a runed translucent gate.
  2880 | D:3      | Noticed lessens's ghost (amateur DjBe)
  2880 | D:3      | Noticed gelatine's ghost (amateur DsFE)
  2880 | D:3      | Noticed jfcaron's ghost (amateur MeFi)
  2891 | D:3      | Learned a level 3 spell: Stone Arrow
  3875 | D:4      | Gained mutation: A meltable icy envelope protects you from
                  | harm. (AC +0) [demonic ancestry]
  3875 | D:4      | Reached XP level 7. HP: 51/51 MP: 6/12
  4275 | D:5      | Entered Level 5 of the Dungeon
  4384 | D:5      | Killed from afar by an orc priest

Illustrated notes

Levels and vault maps discovered:
D:1:      wander_arrival_abandoned_jail, layout_basic
D:2:      layout_rooms, basic_altar, minmay_quantized, uniq_crazy_yiuf_cottage
D:3:      layout_rooms, gammafunk_ghost_cemetery, uniq_grinder
D:4:      layout_basic, mainiacjoe_overflow_concentric_impassable,
          serial_bayou_ford_a, minmay_misc_feat_nine_boxes
D:5:      layout_basic, temple_green, uniq_pikel, uniq_duvessa, uniq_eustachio

Skill      XL: |  1  2  3  4  5  6 |
---------------+-------------------+-----
Stealth        | 2 3 |  3.5
Dodging        | 2 3 |  3.3
Fighting       | 1 2 |  2.9
Fire Magic     | 3 |  3.8
Conjurations   | 2 3 |  3.3
Spellcasting   | 3 |  3.4

Action                     |  1- 3 |  4- 6 |  7- 9 || total
---------------------------+-------+-------+-------++-------
  Melee: Dagger            |    76 |    13 |       ||    89
         Unarmed           |     2 |       |       ||     2
         Punch             |     1 |     2 |       ||     3
         Quarterstaff      |       |    60 |     5 ||    65
   Cast: Foxfire           |    28 |    13 |     6 ||    47
         Scorch            |    14 |    43 |     6 ||    63
         Inner Flame       |       |     1 |     5 ||     6
    Use: Scroll            |       |     6 |     4 ||    10
         Potion            |       |     2 |       ||     2
 Armour: Robe              |    14 |       |       ||    14
         Leather armour    |       |    21 |     1 ||    22
  Dodge: Dodged            |    57 |    52 |     4 ||   113
  Block: Other             |     7 |    19 |     1 ||    27

Table legend: (Time is in decaauts)
 A = Elapsed time spent in this place.
 B = Non-inter-level travel time spent in this place.
 C = Inter-level travel time spent in this place.
 D = Time resting spent in this place.
 E = Time spent auto-exploring this place.
 F = Levels seen in this place.
 G = Mean time per level.
                   A        B        C        D        E       F      G
               +--------+--------+--------+--------+--------+-----+--------+
         Total |   4403 |   4237 |    166 |      0 |   3383 |   5 |  880.6 |
       Dungeon |   4403 |   4237 |    166 |      0 |   3383 |   5 |  880.6 |
               +--------+--------+--------+--------+--------+-----+--------+

Top non-repeatable levels by time:
     D:4: 1204 daAuts
     D:1: 1170 daAuts
     D:2: 1126 daAuts
     D:3: 794 daAuts
     D:5: 107 daAuts
